 Dungeon Crawl Stone Soup version 0.18-a0-1562-gac8da35 (webtiles) character file.

4086 Duffy the Cleaver (level 10, -3/141 HPs)
             Began as a Naga Assassin on Mar 13, 2016.
             Was a Believer of Trog.
             Slain by a killer bee (4 damage)
             ... on level 8 of the Dungeon.
             The game lasted 00:14:42 (10221 turns).

Duffy the Cleaver (Naga Assassin)                  Turns: 10221, Time: 00:14:43

Health: -3/141     AC:  6    Str: 20    XL:     10   Next: 25%
Magic:  14/14      EV:  9    Int: 13    God:    Trog [**....]
Gold:   421        SH:  0    Dex: 19    Spells: 0 memorised, 9 levels left

rFire  . . .     SeeInvis +     x - +0 battleaxe
rCold  . . .     Gourm    .     D - +0 ring mail
rNeg   . . .     Faith    .     (shield currently unavailable)
rPois  +         Spirit   .     (no helmet)
rElec  .         Dismiss  .     d - +0 cloak
rCorr  .         Reflect  .     (no gloves)
SustAt .         Harm     .     (no barding)
MR     +....                    u - amulet of regeneration
Stlth  ..........               q - +2 ring of slaying
                                A - +6 ring of dexterity

@: berserking, lethally poisoned (-3 -> -18), quick, somewhat resistant to
hostile enchantments, extremely unstealthy
A: see invisible, deformed body, sense surroundings 1, poison resistance,
slowness 2, slow metabolism 1, spit poison 2, AC +3
a: Spit Poison, Berserk, Trog's Hand, Burn Spellbooks, Renounce Religion


You were on level 8 of the Dungeon.
You worshipped Trog.
Trog was pleased with you.
You were not hungry.

You visited 1 branch of the dungeon, and saw 8 of its levels.

You collected 421 gold pieces.


Innate Abilities, Weirdness & Mutations

You cannot wear boots.
Your serpentine skin is tough (AC +3).
You have supernaturally acute eyesight.
Armour fits poorly on your strangely shaped body.
Your system is resistant to poisons.
You cover ground very slowly.
You have a slow metabolism.
You can spit poison.
You passively map a small area around you.


   Skills:
 - Level 7.5 Fighting
   Level 2.0 Short Blades
 + Level 10.4 Axes
 - Level 1.7 Throwing
 + Level 1.8 Dodging
 - Level 5.8 Stealth
 - Level 6.5 Evocations


You had 9 spell levels left.
You didn't know any spells.

Inventory:

Hand Weapons
 b - a +0 blowgun
 x - a +0 battleaxe (weapon)
 E - a -1 war axe
 O - a +3 scimitar of flaming
Missiles
 e - 8 poisoned needles
 f - 2 curare-tipped needles
Armour
 c - a +0 robe
 d - a +0 cloak (worn)
 D - a +0 ring mail (worn)
 I - a +0 chain mail
Jewellery
 h - a +5 amulet of reflection
 k - an uncursed ring of protection from cold
 l - a +2 ring of strength
 q - a +2 ring of slaying (right hand)
 u - an amulet of regeneration (around neck)
 A - a +6 ring of dexterity (left hand)
Wands
 o - a wand of random effects (16/48)
 p - a wand of flame (0/48)
 s - a wand of paralysis (11/24)
 K - a wand of iceblast (8/15)
 L - a wand of confusion (48/48)
 N - a wand of flame (34/48)
Scrolls
 m - 3 scrolls of remove curse
 r - a scroll of recharging
 t - a scroll of enchant armour {unknown}
 w - a scroll of brand weapon {unknown}
 y - 6 scrolls of fear
 B - a scroll of fog
 F - 2 scrolls of immolation
 J - 2 scrolls of teleportation
Potions
 i - a potion of berserk rage
 j - 2 potions of curing
 n - 2 potions of magic
 z - a potion of lignification
 C - a potion of might {unknown}
 G - a potion of invisibility
 H - a potion of haste
Comestibles
 g - 5 bread rations
 v - 4 meat rations
 Q - 10 royal jellies

Dungeon Overview and Level Annotations

Branches:
Dungeon (8/15)             Temple (0/1) D:6
   Lair: D:8-11

Altars:
Ashenzari
Elyvilon
Makhleb
Pakellas
Trog
Vehumet

Annotations:
D:4 exclusion: ogre
D:8 Maurice


Message History

The killer bee stings you. x2
You are more poisoned.
The killer bee poisons you! The killer bee stings you!
You barely miss the killer bee. You closely miss the killer bee.
You slash the killer bee!
You kill the killer bee!
Trog accepts your kill.
You feel sick.
Maurice disappears!
The killer bee closely misses you. The killer bee stings you!
You slash the killer bee!
The killer bee is severely wounded.
You hit the killer bee.
The killer bee is moderately wounded.
You feel sick. The killer bee stings you. x2
You are more poisoned.
The killer bee poisons you! The killer bee stings you.
The killer bee stings you but does no damage.
You barely miss the killer bee.
The killer bee is severely wounded.
You hit the killer bee but do no damage.
The killer bee is moderately wounded.
You feel sick.
The killer bee stings you but does no damage.
The killer bee stings you!
You are lethally poisoned!
The killer bee poisons you! The killer bee stings you.
The killer bee stings you but does no damage.
You slice the killer bee!!
You kill the killer bee!
Trog accepts your kill.
You miss the killer bee.
The killer bee is moderately wounded.
You feel very sick. The killer bee stings you. x2
You die...

*
####...#.##....##.....
* #...#.##....##.....
,, ,
*...#)##....##..... *
...#.##....##..... , ,
...#.##....##..[.. * *
, #..#.##.[..'....## *
#0.#.##....####.##
*#yZ#....#######.##
*#@%#............##
#..#.............. *
#..#.#.###########
*#..#(.......#
#..###.####.# , #..#
#.# #.# , #..# #.# #.#
#..###.# #.#
,*#......# #.#


You could see a killer bee and a centaur skeleton.

Action                   |  1- 3 |  4- 6 |  7- 9 | 10-12 || total
-------------------------+-------+-------+-------+-------++-------
Melee: Dagger            |   116 |    78 |       |       ||   194
       Battleaxe         |       |    92 |   256 |    66 ||   414
 Fire: Blowgun           |     3 |       |    16 |       ||    19
Invok: Berserk           |       |       |     4 |     2 ||     6
       Burn Spellbooks   |       |       |     1 |       ||     1
 Abil: Spit Poison       |     2 |     7 |     3 |       ||    12
Evoke: Wand              |       |       |    11 |       ||    11
  Use: Scroll            |     2 |     6 |     9 |     1 ||    18
       Potion            |       |       |     1 |     2 ||     3
 Stab: Sleeping          |    10 |     4 |     2 |       ||    16
       Distracted        |     1 |     2 |     2 |       ||     5
  Eat: Chunk             |     1 |     8 |    15 |       ||    24
       Fruit             |       |       |     1 |     1 ||     2
       Beef jerky        |       |       |     1 |       ||     1
       Royal jelly       |       |       |     1 |       ||     1
       Pizza             |       |       |     1 |       ||     1
       Bread ration      |       |       |       |     1 ||     1

Notes
Turn   | Place    | Note
--------------------------------------------------------------
     0 | D:1      | Duffy the Naga Assassin began the quest for the Orb.
     0 | D:1      | Reached XP level 1. HP: 19/19 MP: 1/1
   392 | D:1      | Reached XP level 2. HP: 24/27 MP: 2/2
   597 | D:1      | Reached skill level 3 in Fighting
   748 | D:1      | Reached XP level 3. HP: 34/34 MP: 3/3
  1268 | D:2      | Reached skill level 4 in Fighting
  1432 | D:2      | Reached XP level 4. HP: 44/44 MP: 4/4
  2049 | D:3      | Found a shattered altar of Ashenzari.
  2336 | D:3      | Reached skill level 1 in Axes
  2465 | D:3      | Found a bloodstained altar of Trog.
  2471 | D:3      | Found a white marble altar of Elyvilon.
  2473 | D:3      | Became a worshipper of Trog the Wrathful
  2753 | D:3      | Reached XP level 5. HP: 51/51 MP: 5/5
  2893 | D:4      | Reached skill level 5 in Fighting
  2964 | D:4      | Reached skill level 2 in Axes
  3002 | D:4      | Noticed an ogre
  3333 | D:4      | Reached XP level 6. HP: 57/61 MP: 6/6
  3627 | D:5      | Entered Level 5 of the Dungeon
  3657 | D:4      | Reached skill level 3 in Axes
  4298 | D:5      | Reached skill level 6 in Fighting
  4382 | D:5      | Reached XP level 7. HP: 63/69 MP: 7/7
  4613 | D:5      | Found a burning altar of Makhleb.
  4622 | D:5      | Reached skill level 4 in Axes
  4840 | D:5      | Found an oddly glowing altar of Pakellas.
  5487 | D:5      | Reached skill level 7 in Fighting
  5487 | D:5      | Reached skill level 5 in Axes
  5630 | D:5      | Reached * piety under Trog
  5630 | D:5      | Reached XP level 8. HP: 72/80 MP: 8/8
  5913 | D:6      | Reached skill level 6 in Axes
  6291 | D:6      | Found a staircase to the Ecumenical Temple.
  6374 | D:6      | Gained mutation: You passively map a small area around you. [potion of beneficial mutation]
  6519 | D:7      | Reached skill level 7 in Axes
  6800 | D:7      | Reached skill level 1 in Evocations
  6919 | D:7      | Found a radiant altar of Vehumet.
  7005 | D:7      | Reached skill level 8 in Axes
  7203 | D:7      | Reached skill level 2 in Evocations
  7203 | D:7      | Reached XP level 9. HP: 61/86 MP: 10/10
  8025 | D:6      | Reached skill level 3 in Evocations
  9040 | D:6      | Reached skill level 4 in Evocations
  9093 | D:8      | Noticed Erica
  9133 | D:8      | Killed Erica
  9133 | D:8      | Reached skill level 9 in Axes
  9133 | D:8      | Reached skill level 5 in Evocations
  9198 | D:8      | Noticed Joseph
  9213 | D:8      | Reached ** piety under Trog
  9218 | D:8      | Killed Joseph
  9218 | D:8      | Reached skill level 10 in Axes
  9218 | D:8      | Reached skill level 6 in Evocations
  9218 | D:8      | Reached XP level 10. HP: 65/94 MP: 14/14
 10039 | D:8      | Reached skill level 1 in Dodging
 10200 | D:8      | Noticed Maurice
 10221 | D:8      | Slain by a killer bee

Vault maps used:
D:1:      roderic_crop_circles_arrival_small, serial_glass, glass_columns_a,
          glass_columns_c, glass_columns_b, glass_columns_b, glass_columns_c,
          glass_columns_c
D:2:      kennysheep_six_static_rooms
D:3:      grunt_temple_overflow_open, first_bread, ashenzari_altar_1
D:5:      wad_crossroads, bloody_makhleb, grunt_pakellas_basics,
          gup_sewer_entry_bubbles, minmay_misc_feat_four_crosses
D:6:      minmay_temple_entry_enclosed_plants
D:7:      vehumet_crystals, small_statue_intersection, kennysheep_nub,
          minmay_misc_feat_tiny
D:8:      grunt_dithmenos_shadows, hangedman_little_slice_of_home, uniq_erica,
          uniq_joseph, uniq_maurice

Vanquished Creatures
  Erica Joseph
  A wyvern
  A hungry ghost
  A water moccasin
  A phantom
  A sky beast
  An ice beast
  A black bear
  2 ogres
  2 centaurs
  A crocodile
  A giant frog
  A wyvern zombie
  A water moccasin zombie
  3 scorpions
  12 killer bees
  A water moccasin skeleton
  A howler monkey
  A crimson imp
  A giant frog zombie
  5 jellies
  7 hounds
  A centaur skeleton
  3 orc wizards
  An orc priest
  2 iguanas
  5 worker ants
  2 hound skeletons
  A gnoll
  11 adders
  2 river rats
  2 shadow imps
  5 oozes
  An adder zombie
  An adder skeleton
  4 worms
  2 dart slugs
  5 giant geckos
  11 orcs
  2 ball pythons
  7 giant cockroaches
  5 goblins
  9 hobgoblins
  7 jackals
  4 quokkas
  10 bats
  2 giant gecko skeletons
  A giant gecko zombie
  6 giant newts
  15 kobolds
  A quokka zombie
  5 rats
181 creatures vanquished.
